Map: 어스름 탑

Players

llllllllllll (Scarlett)

  • Race: Zerg Zerg
  • League: Grandmaster

lllllllllIll - Winner!

  • Race: Terran Terran
  • League: Grandmaster

VOD

Have the link to the VOD?

Description

Time

  • Played on: April 13, 2016, 1:55 a.m.
  • Length: 10:13
Show
View Real Time Build Order
Export as new Build Order

llllllllllll Zerg 

Build Orders: Hatch First, Muta Ling Bane 

Get SALT Encoding   

  12  0:00  Drone  
  13  0:09  Drone  
  14  0:18  Overlord  
  14  0:26  Extractor  
  14  0:27  Drone  
  15  0:37  Drone x2  
  17  0:52  Hatchery  
  17  0:56  Drone  
  17  0:59  Drone  
  18  1:12  Spawning Pool  
  18  1:15  Drone  
  18  1:18  Drone  
  19  1:27  Drone  
  20  1:38  Drone  
  21  1:46  Hatchery  
  20  1:52  Overlord  
  20  2:00  Queen  
  22  2:06  Queen  
  24  2:09  Zergling x2  
  24  2:12  Zergling x2  
  24  2:15  Drone  
  27  2:18  Drone  
  28  2:23  Overlord  
  28  2:35  Drone x2  
  30  2:37  Queen  
  30  2:42  Queen  
  34  2:50  Drone x2  
  36  2:53  Drone x2  
  36  2:57  Drone  
  39  3:00  Queen  
  39  3:03  Drone  
  42  3:07  Drone  
  42  3:10  Drone x2  
  42  3:11  Drone  
  46  3:16  Drone x2  
  46  3:18  Drone  
  46  3:19  Drone  
  50  3:29  Overlord  
  50  3:32  Extractor  
  50  3:33  Extractor  
  48  3:35  Extractor  
  48  3:39  Drone, Overlord  
  48  3:40  Drone x2  
  50  3:46  Overlord  
  50  3:48  Drone  
  50  3:49  Drone x6  
  50  3:52  Drone  
  58  4:02  Drone x2  
  60  4:08  Drone x5  
  65  4:11  Extractor  
  64  4:17  Drone x2  
  64  4:18  Drone x5  
  64  4:21  Metabolic Boost  
  71  4:26  Evolution Chamber, Zergling x2  
  71  4:27  Evolution Chamber, Zergling x4  
  71  4:28  Baneling Nest  
  71  4:30  Drone  
  72  4:31  Spore Crawler  
  72  4:32  Drone  
  72  4:42  Drone  
  72  4:43  Drone  
  74  4:51  Spore Crawler  
  51  5:02  Drone x2  
  51  5:03  Drone x14  
  65  5:07  Spore Crawler  
  64  5:15  Zerg Melee Weapons Level 1  
  64  5:16  Zerg Ground Armor Level 1  
  64  5:24  Drone x5  
  69  5:40  Lair  
  69  5:41  Drone x2  
  69  5:42  Drone x3  
  74  5:51  Overlord x2  
  74  5:54  Extractor  
  74  5:55  Overlord x2, Extractor  
  74  5:56  Drone x2  
  74  6:12  Hatchery  
  74  6:14  Drone x3  
  74  6:16  Drone x7  
  83  6:27  Drone x4  
  83  6:28  Drone x2  
  83  6:32  Overlord  
  89  6:33  Overlord  
  89  6:34  Zergling x2  
  89  6:35  Zergling x4  
  89  6:36  Baneling x7  
  89  6:38  Hatchery  
  91  6:40  Zergling x2  
  91  6:41  Centrifical Hooks  
  91  6:43  Zergling x2  
  91  6:46  Zergling x4  
  95  6:49  Zergling x4  
  95  6:53  Overseer x2  
  89  7:10  Zergling x16  
  89  7:11  Zergling x2, Baneling  
  89  7:12  Baneling  
  89  7:14  Zergling x6, Spire  
  100  7:16  Queen  
  100  7:20  Zergling x4  
  104  7:35  Overlord x5, Overseer  
  104  7:36  Overseer x2  
  102  7:40  Zerg Melee Weapons Level 2, Zerg Ground Armor Level 2  
  102  7:43  Hatchery  
  101  7:44  Baneling x7  
  101  7:45  Baneling  
  101  7:51  Zergling x4  
  103  7:54  Zergling x2  
  103  7:55  Zergling x20  
  111  7:59  Baneling x3  
  111  8:02  Zergling x6  
  111  8:03  Zergling x2  
  113  8:21  Hatchery  
  113  8:24  Zergling x14  
  113  8:25  Zergling x10  
  115  8:34  Mutalisk  
  115  8:35  Mutalisk x5  
  115  8:37  Pneumatized Carapace  
  129  8:43  Mutalisk x3  
  129  8:47  Overlord x2  
  135  8:55  Overlord x2  
  133  9:06  Mutalisk x6, Extractor  
  140  9:11  Extractor  
  140  9:12  Zergling x10  
  142  9:23  Mutalisk  
  142  9:24  Mutalisk x2  
  144  9:26  Zergling x4  
  144  9:27  Baneling  
  144  9:28  Baneling x4  
  144  9:31  Zergling x8  
  151  9:36  Infestation Pit  
  153  9:42  Zergling x8  
  153  9:43  Baneling  
  153  9:44  Baneling x5  
  157  9:49  Zergling x8  
  161  9:56  Zergling x8  
Show
View Real Time Build Order
Export as new Build Order

lllllllllIll Terran - Winner!

Build Orders: Reaper Expand, MMM Bio 

Get SALT Encoding   

  12  0:01  SCV  
  13  0:13  SCV  
  14  0:18  Supply Depot  
  14  0:25  SCV  
  15  0:39  SCV  
  15  0:42  Barracks  
  16  0:45  Refinery  
  16  0:51  SCV  
  17  1:03  SCV  
  18  1:15  SCV  
  19  1:28  Reaper  
  19  1:29  Orbital Command  
  20  1:41  Command Center  
  20  1:49  Supply Depot  
  20  1:54  SCV  
  20  2:00  Marine  
  22  2:05  Factory  
  22  2:07  SCV  
  23  2:12  Refinery  
  23  2:19  SCV  
  25  2:23  Barracks Reactor  
  24  2:31  SCV  
  25  2:43  SCV  
  26  2:49  Starport  
  26  2:53  Orbital Command  
  26  2:55  SCV  
  27  3:05  Widow Mine x2  
  27  3:06  Marine  
  27  3:07  SCV  
  33  3:18  Command Center  
  33  3:20  SCV  
  33  3:23  SCV  
  35  3:28  Medivac  
  35  3:33  SCV  
  38  3:35  SCV  
  38  3:37  Widow Mine  
  38  3:38  Widow Mine  
  38  3:41  Supply Depot  
  43  3:43  Barracks Tech Lab  
  43  3:45  SCV  
  43  3:47  SCV  
  45  3:57  SCV  
  45  4:02  Marine, Stimpack  
  47  4:03  SCV  
  47  4:09  SCV  
  49  4:15  SCV, Barracks  
  50  4:19  Barracks  
  50  4:20  Marine  
  50  4:21  SCV, Factory Reactor  
  52  4:26  Engineering Bay x2  
  52  4:27  SCV  
  52  4:30  Orbital Command  
  53  4:34  SCV  
  54  4:39  SCV  
  54  4:46  SCV  
  54  4:49  Refinery  
  54  4:51  Refinery, Barracks  
  55  4:53  Marine, Barracks  
  55  4:56  SCV  
  55  5:00  Orbital Command  
  55  5:01  SCV  
  55  5:06  Marine x2  
  56  5:07  Starport Reactor  
  56  5:08  SCV  
  56  5:11  Supply Depot  
  56  5:12  Terran Infantry Armor Level 1, Terran Infantry Weapons Level 1  
  56  5:13  SCV, Factory Reactor  
  58  5:19  Supply Depot  
  58  5:20  SCV  
  58  5:21  Marine x2  
  57  5:25  SCV  
  57  5:26  Marine, SCV  
  62  5:32  SCV  
  62  5:33  Marine  
  65  5:37  SCV  
  65  5:38  SCV  
  65  5:39  Barracks Reactor, Marine x2  
  65  5:41  Barracks Reactor  
  66  5:44  SCV  
  66  5:46  Medivac  
  66  5:47  Supply Depot  
  66  5:48  Medivac  
  69  5:50  Widow Mine x2  
  69  5:51  SCV  
  69  5:52  SCV  
  75  5:59  Supply Depot, SCV  
  75  6:01  Supply Depot  
  75  6:03  Marine x2  
  75  6:04  Marine x3  
  80  6:05  Combat Shields  
  80  6:07  SCV  
  80  6:10  SCV  
  83  6:12  SCV  
  83  6:15  Supply Depot  
  83  6:17  Marine x2  
  83  6:18  Armory  
  86  6:20  Marine x2  
  86  6:21  Marine  
  86  6:23  Widow Mine  
  86  6:24  Widow Mine  
  93  6:25  Marine x2  
  93  6:26  Marine x2  
  93  6:31  Medivac  
  99  6:32  Medivac  
  99  6:35  Marine x2, SCV  
  99  6:37  Refinery  
  99  6:39  SCV  
  105  6:40  Supply Depot  
  105  6:47  Supply Depot x2  
  105  6:48  Marine x2  
  105  6:49  Marine x2, Marauder  
  105  6:54  SCV x2  
  113  6:56  Marine x3  
  113  6:57  Liberator  
  116  7:02  Widow Mine, Liberator  
  116  7:07  Marine x4  
  116  7:08  Marine  
  119  7:10  Marauder, Terran Infantry Armor Level 2  
  119  7:12  Widow Mine  
  119  7:14  Marine x2  
  131  7:26  Terran Infantry Weapons Level 2  
  131  7:28  Refinery  
  123  7:39  Barracks  
  123  7:40  Starport  
  123  7:41  Supply Depot, Barracks  
  123  7:42  Supply Depot  
  123  7:44  SCV  
  123  7:48  Marine x2, Liberator x2  
  126  7:57  Marine x4  
  126  7:58  Marine x2, Marauder  
  134  7:59  Widow Mine  
  134  8:00  Widow Mine  
  142  8:23  Marine x5, Marauder  
  142  8:24  Starport Reactor  
  145  8:28  Widow Mine  
  145  8:29  Marine x2  
  145  8:30  Liberator  
  145  8:31  Liberator  
  149  8:35  Barracks Tech Lab  
  149  8:36  Barracks Reactor  
  149  8:45  Marauder  
  149  8:46  Command Center  
  157  9:00  Marine  
  157  9:01  Marine  
  157  9:02  Supply Depot  
  157  9:03  Marine, Supply Depot  
  157  9:04  Marine  
  157  9:05  Supply Depot  
  157  9:10  Marine x2, Widow Mine  
  157  9:17  Marine  
  157  9:18  Marine  
  157  9:21  Marauder  
  157  9:23  Marine x2, Widow Mine, Medivac x2  
  165  9:25  Marine  
  166  9:34  Marine x6, Marauder  
Tags
 
Add a new tag
Caveats
  • Supply blocks, unpowered buildings, or Contaminate may cause inaccurate times.
  • Supply counts are checked every 10 seconds.